 Dungeon Crawl Stone Soup version 0.28.0-49-g6dfe1f597d (webtiles) character file.

Game seed: 1795807619880051856

1224 Dreadrock the Skirmisher (level 8, -5/71 HPs)
             Began as a Minotaur Berserker on May 11, 2022.
             Was a Priest of Trog.
             Slain by Peloso's ghost (15 damage)
             ... on level 5 of the Dungeon.
             The game lasted 00:11:29 (6667 turns).

Dreadrock the Skirmisher (Minotaur Berserker)       Turns: 6667, Time: 00:11:30

Health: -5/71      AC: 11    Str: 24    XL:     8   Next: 23%
Magic:  7/7        EV:  9    Int:  4    God:    Trog [***...]
Gold:   85         SH:  4    Dex: 10    Spells: 7/7 levels left

rFire   . . .      SeeInvis .   a - +0 hand axe
rCold   . . .      Faith    .   t - +0 buckler
rNeg    . . .      Spirit   .   u - +0 chain mail
rPois   .          Reflect  .   (helmet restricted)
rElec   .          Harm     +   y - scarf {harm}
rCorr   .          Rampage  .   x - +0 pair of gloves
Will    .....                   (no boots)
Stlth   ..........              (no amulet)
HPRegen 0.21/turn               (no ring)
MPRegen 0.10/turn               (no ring)

@: lethally poisoned (-5 -> -25), weak-willed, on berserk cooldown, slowed, very
slow
A: horns 2, retaliatory headbutt
a: Renounce Religion, Berserk, Trog's Hand


You were on level 5 of the Dungeon.
You worshipped Trog.
Trog was most pleased with you.
You visited 1 branch of the dungeon, and saw 5 of its levels.

You collected 85 gold pieces.

Inventory:

Hand Weapons
 a - a +0 hand axe (weapon)
Missiles
 q - 5 poisoned darts (quivered)
Armour
 t - a +0 buckler (worn)
 u - a +0 chain mail (worn)
 x - a +0 pair of gloves (worn)
 y - a scarf of harm (worn)
Jewellery
 c - a ring of flight
Wands
 o - a wand of digging (7)
Scrolls
 d - 2 scrolls of fear {unknown}
 e - a scroll of brand weapon {unknown}
 f - 3 scrolls of vulnerability
 i - a scroll of magic mapping {unknown}
 k - a scroll of enchant weapon {unknown}
 m - a scroll of silence {unknown}
 r - a scroll of torment {unknown}
 v - a scroll of amnesia {unknown}
 w - a scroll of enchant armour {unknown}
 A - a scroll of blinking {unknown}
Potions
 b - a potion of haste
 g - 2 potions of lignification
 j - a potion of cancellation
 l - 2 potions of might {unknown}
 n - 3 potions of heal wounds {unknown}
 p - a potion of mutation {unknown}
 s - a potion of flight {unknown}
 z - a potion of curing {unknown}


   Skills:
 + Level 6.5 Fighting
 + Level 6.4 Axes
 + Level 5.9 Armour
 + Level 5.3 Dodging
 + Level 4.6 Shields


You had 7 spell levels left.
You didn't know any spells.
Your spell library was empty.

Dungeon Overview and Level Annotations

Branches:
Dungeon (5/15)             Temple (0/1) D:5

Altars:
Kikubaaqudgha

Shops:
D:3 !

Annotations:
D:5 Peloso's ghost, novice MiFi


Innate Abilities, Weirdness & Mutations

You have a pair of horns on your head.
You reflexively headbutt those who attack you in melee.


Message History

Peloso's ghost hits you but does no damage.
Peloso's ghost closely misses you.
You barely miss Peloso's ghost.
Peloso's ghost hits you but does no damage.
You are poisoned.
You hit Peloso's ghost but do no damage.
You headbutt Peloso's ghost, but do no damage.
You feel very sick. Peloso's ghost barely misses you.
You slash Peloso's ghost! You headbutt Peloso's ghost.
Peloso's ghost is lightly damaged.
You feel sick.
Peloso's ghost hits you but does no damage.
The kobold closely misses you. Peloso's ghost hits you!
You are more poisoned.
You hit Peloso's ghost but do no damage.
Your headbutt misses Peloso's ghost.
Peloso's ghost is lightly damaged.
You hit the kobold.
You feel extremely sick. The kobold hits you but does no damage.
You block Peloso's ghost's attack. The kobold hits you with a +0 dagger.
Peloso's ghost barely misses you.
You barely miss Peloso's ghost. You headbutt Peloso's ghost!
Peloso's ghost is moderately damaged.
You closely miss the kobold.
You feel extremely sick. The kobold barely misses you. You furiously retaliate!
You headbutt the kobold!
You kill the kobold!
Trog accepts your kill. Peloso's ghost hits you!
* * * LOW HITPOINT WARNING * * *
You hit Peloso's ghost but do no damage.
You headbutt Peloso's ghost.
Peloso's ghost is moderately damaged.
* * * LOW HITPOINT WARNING * * *
You feel very sick.
Peloso's ghost hits you but does no damage.
You are more poisoned.
Peloso's ghost hits you!
You die...

.......#........#...K.##......#..
...###).........'.###..##.#..##..
...###..........'......#..>......
.....##..###....'.###..#.........
..##............#.....##.........
..##.......##...##≈⌠≈##..........
............#....#####...........
#.##.........).)W))..............
#.#.......^.....@))##.......###..
................#...#.......# #..
.......#....##..............####.
#.....###...#..........#......##.
#..##..#.................###.....
.........#.......#.......##......
..#......#..##.#.......##........
..#(........##.#.#...............
#[...###...##...##.....###....###


You could see Peloso's ghost.

Vanquished Creatures
  A steam dragon (D:4)
  Menkaure (D:4)
  An ice beast (D:5)
  A sky beast (D:5)
  A black bear (D:5)
  2 necrophages
  A centaur (D:5)
  A kobold brigand (D:5)
  2 scorpions (D:4)
  A wyvern skeleton (D:5)
  Crazy Yiuf (D:4)
  Terence (D:3)
  Jessica (D:2)
  An iguana (D:5)
  A mummy (D:4)
  4 adders
  A dart slug (D:3)
  3 orcs
  9 endoplasms
  4 giant cockroaches
  6 goblins
  3 hobgoblins
  6 jackals (D:1)
  4 quokkas
  6 ball pythons
  6 bats (D:1)
  3 frilled lizards (D:1)
  A hobgoblin zombie (D:4)
  12 kobolds
  A kobold zombie (D:4)
  2 orc zombies (D:4)
  8 rats
96 creatures vanquished.

Vanquished Creatures (others)
  3 fungi (D:5)
  A plant (D:5)
  4 withered plants (D:4)
8 creatures vanquished.

Grand Total: 104 creatures vanquished

Notes
Turn   | Place    | Note
-------+----------+-------------------------------------------
     0 | D:1      | Dreadrock the Minotaur Berserker began the quest for the
                  | Orb.
     0 | D:1      | Reached XP level 1. HP: 19/19 MP: 0/0
    72 | D:1      | Reached XP level 2. HP: 20/27 MP: 1/1
   518 | D:1      | Reached XP level 3. HP: 23/33 MP: 2/2
   518 | D:1      | Reached ** piety under Trog
   794 | D:1      | Found a faded altar of an unknown god.
  1775 | D:2      | Noticed Jessica
  1779 | D:2      | Killed Jessica
  1780 | D:2      | Reached skill level 1 in Shields
  1780 | D:2      | Reached XP level 4. HP: 33/40 MP: 3/3
  2498 | D:3      | Noticed Terence
  2505 | D:3      | Killed Terence
  2655 | D:3      | Reached XP level 5. HP: 47/47 MP: 4/4
  3095 | D:3      | Found Quvo's Distillery.
  3492 | D:4      | Noticed a necrophage
  3503 | D:4      | Killed a necrophage
  3504 | D:4      | Reached skill level 5 in Fighting
  3504 | D:4      | Reached skill level 5 in Axes
  3504 | D:4      | Reached XP level 6. HP: 56/56 MP: 5/5
  3512 | D:4      | Found an ancient bone altar of Kikubaaqudgha.
  3688 | D:4      | Found a runed translucent door.
  3689 | D:4      | Noticed Crazy Yiuf
  3772 | D:4      | Noticed Menkaure
  3777 | D:4      | Killed Menkaure
  4799 | D:4      | Killed Crazy Yiuf
  4799 | D:4      | Reached *** piety under Trog
  5173 | D:5      | Entered Level 5 of the Dungeon
  5202 | D:5      | Noticed a steam dragon
  5227 | D:4      | Reached XP level 7. HP: 14/61 MP: 6/6
  5229 | D:4      | Killed a steam dragon
  5229 | D:4      | HP: 3/91 [something (5)]
  5728 | D:5      | Found a runed translucent gate.
  5728 | D:5      | Found a runed translucent gate.
  5729 | D:5      | Noticed Peloso's ghost (novice MiFi)
  5730 | D:5      | Found a staircase to the Ecumenical Temple.
  5732 | D:5      | Found a runed translucent gate.
  5754 | D:5      | Reached skill level 5 in Armour
  6229 | D:5      | Reached skill level 5 in Dodging
  6258 | D:5      | Reached XP level 8. HP: 54/70 MP: 7/7
  6667 | D:5      | Slain by Peloso's ghost

Illustrated notes

Levels and vault maps discovered:
D:1:      minmay_arrival_arboretum_small, layout_basic,
          shapermc_ecumenical_altar_petra
D:2:      layout_loops_corners, uniq_jessica
D:3:      layout_loops_ring, serial_shops, nicolae_shop_hallway_stairs,
          uniq_terence
D:4:      layout_loops_ring, kiku_gazebo_garden_becter, minmay_mini_ossuary,
          uniq_crazy_yiuf_cottage, uniq_menkaure
D:5:      layout_cave_pools, minmay_temple_entry_drinking_statues,
          gammafunk_ghost_nasty_kobolds, abandoned_shop

Skill      XL: |  1  2  3  4  5  6  7 |
---------------+----------------------+-----
Axes           | 4 5 6 |  6.4
Fighting       | 4 5 6 |  6.5
Armour         | 3 4 5 |  5.9
Dodging        | 3 4 5 |  5.3
Shields        | 1 2 3 4 |  4.6

Action                   |  1- 3 |  4- 6 |  7- 9 || total
-------------------------+-------+-------+-------++-------
Melee: Hand axe          |    69 |    88 |    55 ||   212
       Headbutt          |     9 |    16 |    21 ||    46
       Punch             |       |     1 |       ||     1
Invok: Berserk           |       |     3 |     2 ||     5
  Use: Scroll            |       |       |     4 ||     4
Armor: Animal skin       |    12 |       |       ||    12
       Ring mail         |     7 |    19 |       ||    26
       Chain mail        |       |    12 |    40 ||    52
Dodge: Dodged            |    75 |    48 |    34 ||   157
Block: Buckler           |       |     6 |    13 ||    19
